cohdb
Replays
Latest Replays
All Replays
Popular Replays
Top Player Replays
Match Explorer
How It Works
Community
CoH3 Stats
Reddit
Sign in to upload your games and track your stats! →
Sign in with Steam
Match 32579363
Unlisted
Match 32579363
Overview
Messages
Build Orders
End
Selects Advanced Infantry Battlegroup
Construct Barracks
Engineer Squad
Riflemen Squad
1⁄4-ton 4x4 Truck
Riflemen Squad
Selects Convert to Ranger Squad
Convert to Ranger Squad
1⁄4-ton 4x4 Truck
Selects Frontline Medical Station
.30 cal Machine Gun
Convert to Ranger Squad
Selects Artillery Observers
.30 cal Machine Gun
Frontline Medical Station
Construct Weapon Support Center
AI Takeover
Kuron
L3Gi0N_
gUi
h123721045
Possum
JohnGrammaticus
Pjotska
advsd
0
0
Comments
sign in to comment!
No comments posted yet!